 Dungeon Crawl Stone Soup version 0.30.1-4-g462c640d31 (webtiles) character file.

Game seed: 1569849075829599315

88 growler the Chopper (level 4, 0/33 (35) HPs)
             Began as a Demonspawn Gladiator on Aug 28, 2023.
             Slain by a goblin
             ... wielding a +0 club
             ... led by Robin
              (5 damage)
             ... on level 2 of the Dungeon.
             The game lasted 00:02:54 (1560 turns).

growler the Chopper (Demonspawn Gladiator)          Turns: 1560, Time: 00:02:55

HP:   0/33 (35)     AC:  5    Str: 15    XL:     4   Next: 29%
MP:   4/4           EV: 12    Int: 11    God:
Gold: 81            SH:  0    Dex: 14    Spells: 3/3 levels left

rFire   . . .        a - +0 war axe
rCold   . . .        (no shield)
rNeg    . . .        b - +0 leather armour
rPois   .            c - +0 helmet
rElec   .            (no cloak)
rCorr   .            (no gloves)
SInv    .            m - +0 pair of boots
Will    .....        (no amulet)
Stlth   +            (no ring)
HPRegen 0.25/turn    (no ring)
MPRegen 0.09/turn

%: no passive effects
@: drained
A: demonic touch 1
a: no special abilities


You were on level 2 of the Dungeon.
You visited 1 branch of the dungeon, and saw 2 of its levels.

You collected 81 gold pieces.

Inventory:

Hand Weapons
 a - a +0 war axe (weapon)
Missiles
 d - 3 throwing nets (quivered)
 e - a javelin
Armour
 b - a +0 leather armour (worn)
 c - a +0 helmet (worn)
 m - a +0 pair of boots (worn)
Scrolls
 f - 3 scrolls of identify {unknown}
 i - a scroll of torment {unknown}
 k - a scroll of enchant armour {unknown}
 l - 2 scrolls of teleportation {unknown}
 q - a scroll of noise {unknown}
Potions
 g - 2 potions of attraction {unknown}
 h - a potion of mutation {unknown}
 j - a potion of lignification {unknown}
 n - 3 potions of brilliance {unknown}
 o - a potion of might {unknown}
 p - a potion of invisibility {unknown}


   Skills:
 + Level 3.5 Fighting
 + Level 3.8 Axes
 - Level 1.7 Throwing
 - Level 2.6 Dodging


You had 3 spell levels left.
You didn't know any spells.
Your spell library was empty.

Dungeon Overview and Level Annotations

Branches:
Dungeon (2/15)

Altars:

Annotations:
D:2 Robin


Innate Abilities, Weirdness & Mutations

Your touch may inflict minor irresistible damage on your foes.


Message History

The goblin attacks as you move away! The goblin barely misses you.
You feel sick.
You slash the goblin!
You kill the goblin!
You feel sick.
You are no longer poisoned.
You hit the hobgoblin.
You kill the hobgoblin!
A goblin comes into view. It is wielding a +0 dagger of draining.
The goblin misses you.
The goblin shouts!
You slash the goblin!
You kill the goblin!
You hear a shout!
Robin roars a battlecry!
The hobgoblin goes into a battle-frenzy!
You hit the hobgoblin.
You kill the hobgoblin!
Robin throws the goblin at you!
The goblin hits you with a +0 dagger of draining.
You feel drained.
A goblin comes into view. It is wielding a +0 club.
You miss the goblin. Your touch misses the goblin.
The goblin hits you with a +0 dagger of draining.
* * * LOW HITPOINT WARNING * * *
You feel drained.
You hit the goblin.
You kill the goblin!
You hit the hobgoblin.
You kill the hobgoblin!
Robin throws the goblin at you!
You hit the goblin. Your touch misses the goblin.
The goblin is severely wounded.
The goblin barely misses you.
You barely miss the goblin.
The goblin is severely wounded.
The goblin hits you with a +0 club.
* * * LOW HITPOINT WARNING * * *
The goblin hits you with a +0 club.
You die...

#........# #.........
#........# #.....)...
##.......# #.........
#....#### #.........
#....# #.........
#....# #.........
#....#########........#
#....##................
#.....@g)######+##+#...
#.....#g## #.#
#.....#)# #. #.....#.#
#.....#.# #####.#.#
#.)))...... ###........
#.##.###.


You could see Robin and a goblin (strong).

Vanquished Creatures
  3 adders (D:2)
  A dart slug (D:1)
  5 ball pythons
  3 endoplasms
  2 giant cockroaches (D:1)
  5 hobgoblins
  2 jackals (D:1)
  3 kobolds (D:1)
  A quokka (D:1)
  7 bats
  4 frilled lizards
  13 goblins
  8 rats
57 creatures vanquished.

Notes
Turn   | Place    | Note
-------+----------+-------------------------------------------
     0 | D:1      | growler the Demonspawn Gladiator began the quest for the
                  | Orb.
     0 | D:1      | Reached XP level 1. HP: 16/16 MP: 1/1
   118 | D:1      | Gained mutation: Your touch may inflict minor irresistible
                  | damage on your foes. [demonic ancestry]
   118 | D:1      | Reached XP level 2. HP: 20/23 MP: 2/2
   823 | D:1      | Reached XP level 3. HP: 28/28 MP: 3/3
  1235 | D:2      | Reached XP level 4. HP: 23/35 MP: 4/4
  1543 | D:2      | Noticed Robin
  1560 | D:2      | Slain by a goblin

Illustrated notes

Levels and vault maps discovered:
D:1:      dreamdust_arrival_beginning_and_end, layout_loops_ring,
          chequers_serial_rivers_small_3, minmay_misc_feat_hallway,
          roderic_lattice_a, minmay_hexomino_p4
D:2:      layout_basic, uniq_robin, uniq_terence

Skill      XL: |  1  2  3 |
---------------+----------+-----
Axes           | 3 |  3.8
Fighting       | 3 |  3.5
Throwing       | |  1.7
Dodging        | |  2.6

Action                     |  1- 3 |  4- 6 || total
---------------------------+-------+-------++-------
  Melee: War axe           |    93 |    19 ||   112
         Touch             |    19 |     2 ||    21
 Armour: Leather armour    |    29 |     8 ||    37
  Dodge: Dodged            |    72 |    15 ||    87
